 Dungeon Crawl Stone Soup version 0.30.0-15-g856e2d3f33 (webtiles) character file.

Game seed: 5345404673903346056

6 qw the Shield-Bearer (level 1, 0/14 HPs)
             Began as a Gargoyle Fighter on May 20, 2023.
             Slain by a ball python (3 damage)
             ... on level 1 of the Dungeon.
             The game lasted 00:00:06 (197 turns).

qw the Shield-Bearer (Gargoyle Fighter)              Turns: 197, Time: 00:00:07

Health: 0/14       AC:  9    Str: 19    XL:     1   Next: 90%
Magic:  1/1        EV:  6    Int:  8    God:
Gold:   0          SH:  4    Dex:  9    Spells: 0/0 levels left

rFire   . . .        a - +0 war axe
rCold   . . .        c - +0 buckler
rNeg    + . .        b - +0 scale mail
rPois   inf          (no helmet)
rElec   +            (no cloak)
rCorr   .            (no gloves)
SInv    .            (no boots)
Will    .....        (no amulet) Stlth
                     (no ring)
HPRegen 0.22/turn    (no ring)
MPRegen 0.07/turn

%: no passive effects
@: constricted
A: sickness immunity, AC +2, negative energy resistance 1, electricity
resistance, torment resistance 1, petrification resistance
a: no special abilities


You were on level 1 of the Dungeon.
You visited 1 branch of the dungeon, and saw 1 of its levels.


Innate Abilities, Weirdness & Mutations

You are immune to sickness and miasma.
Your stone body is resilient. (AC +2)
You are immune to poison.
You resist negative energy. (rN+)
You are resistant to electric shocks. (rElec)
You are resistant to unholy torment.
You are immune to petrification.


   Skills:
 - Level 3.2 Fighting
 + Level 2.3 Axes
 - Level 3.2 Armour
 - Level 3.2 Shields


You couldn't memorise any spells.
You didn't know any spells.
Your spell library was empty.

Inventory:

Hand Weapons
 a - a +0 war axe (weapon)
 f - a +0 club
Armour
 b - a +0 scale mail (worn)
 c - a +0 buckler (worn)
Jewellery
 h - a ring of see invisible
Potions
 d - a potion of might
 e - a potion of lignification {unknown}
 g - a potion of magic {unknown}

Dungeon Overview and Level Annotations

Branches:
Dungeon (1/15)

Altars:


Message History

Found a stone staircase leading down.
Enter note:
Enter note: A kobold and an endoplasm come into view.
The kobold shouts!
The endoplasm quivers.
You hear a shout!
You hear an angry hiss.
A kobold comes into view. It is wielding a +0 dagger.
The kobold shouts!
The kobold hits you with a +0 dagger.
You miss the kobold.
A ball python comes into view.
The kobold barely misses you.
You barely miss the kobold. The kobold barely misses you.
The kobold hits you but does no damage.
You closely miss the kobold. You barely miss the endoplasm.
You block the endoplasm's attack. The kobold barely misses you.
You closely miss the kobold. You hit the endoplasm but do no damage.
The endoplasm freezes you.
You are frozen.
The kobold hits you but does no damage.
You slash the kobold!
You kill the kobold!
You slash the kobold!
You kill the kobold!
You barely miss the endoplasm.
The endoplasm hits you but does no damage.
The endoplasm barely misses you.
You closely miss the ball python. You hit the endoplasm.
The ball python bites you but does no damage.
The ball python grabs you. The ball python constricts you.
The endoplasm freezes you.
You are frozen.
The ball python bites you but does no damage.
The ball python constricts you.
You completely miss the ball python. You hit the endoplasm.
You kill the endoplasm!
An endoplasm comes into view.
The ball python bites you but does no damage.
The ball python constricts you. The ball python bites you.
You die...

............ .# ..
........#### .J. ....
.........# #... ..# $.
......# . ..#
#..##.#####...# .....
.....#.......####
###.#.##.#....###.......
......S..>...####..#####
......)@................
####.###.#..#####.######
##.###.#..#####.#
.................#
....######.####### ##
#.# #.# #.# #.#


You could see an endoplasm and a ball python.

Vanquished Creatures
  An endoplasm (D:1)
  3 kobolds (D:1)
  A quokka (D:1)
  2 rats (D:1)
7 creatures vanquished.

Notes
Turn   | Place    | Note
-------+----------+-------------------------------------------
     0 | D:1      | qw the Gargoyle Fighter began the quest for the Orb.
     0 | D:1      | Reached XP level 1. HP: 14/14 MP: 1/1
     0 | D:1      | 0 ||| qw: Version: 0.2-a-97-g499787f
     0 | D:1      | 0 ||| qw: Game counter: 39
     0 | D:1      | 0 ||| qw: Always use a shield: true
     0 | D:1      | 0 ||| qw: God list: Okawaru
     0 | D:1      | 0 ||| qw: Allow faded altars: false
     0 | D:1      | 0 ||| qw: Do Orc after D:15 true
     0 | D:1      | 0 ||| qw: Do second Lair branch before Depths: true
     0 | D:1      | 0 ||| qw: Lair rune preference: random
     0 | D:1      | 0 ||| qw: Plans: Normal, Zot:1-4, God:TSO, Crypt, Tomb,
                  | Pan, Slime:5, Hells, Abyss, Win
     0 | D:1      | 0 ||| PLANNING D:1-11
   197 | D:1      | HP: 3/14 [constriction (1)]
   197 | D:1      | Slain by a ball python

Levels and vault maps discovered:
D:1:      shiori_arrival_oz, layout_basic, minmay_liquid_box

Skill      XL: |  1 |
---------------+----+-----
Axes           | 2 |  2.3
Fighting       | |  3.2
Armour         | |  3.2
Shields        | |  3.2

Action                     || total
---------------------------++-------
  Melee: War axe           ||    21
 Armour: Scale mail        ||    10
  Dodge: Dodged            ||    12
  Block: Buckler           ||     3

Table legend:
 A = Non-vault XP
 B = Vault XP
 C = Vault XP percentage of total XP
 D = Non-vault monster count
 E = Vault monster count
 F = Vault count percentage of total count
                 A         B        C        D         E       F
            +---------+---------+-------+---------+---------+-------
      Total |      11 |       0 |   0.0 |       7 |       0 |   0.0
            +---------+---------+-------+---------+---------+-------
        D:1 |      11 |       0 |   0.0 |       7 |       0 |   0.0
            +---------+---------+-------+---------+---------+-------
